 Dungeon Crawl Stone Soup version 0.31-a0-1178-gc5c9b8f871 (webtiles) character file.

Game seed: 4653100475810188755

16880 lunkers the Black Belt (level 13, -8/129 HPs)
             Began as a Meteoran Shapeshifter on Dec 11, 2023.
             Was an Elder of Nemelex Xobeh.
             Mangled by a sun demon (21 damage)
             ... on level 13 of the Dungeon on Dec 12, 2023.
             The game lasted 00:18:48 (5524 turns).

lunkers the Black Belt (Meteoran Shapeshifter)      Turns: 5524, Time: 00:18:48

Health: -8/129     AC:  9    Str: 22    XL:     13   Next: 9%
Magic:  21/21      EV: 19    Int: 16    God:    Nemelex Xobeh [****..]
Gold:   728        SH:  0    Dex: 15    Spells: 12/12 levels left

rFire   + +          .
                       - Unarmed
rCold   . . .        (shield currently unavailable)
rNeg    + . .        e - melded +0 ring mail
rPois   +            (helmet currently unavailable)
rElec   .            C - melded +1 cloak
rCorr   .            o - melded +0 pair of gloves
SInv    .            (boots currently unavailable)
Will    +....        f - amulet of the acrobat
Stlth   +            m - +5 ring of evasion
HPRegen 0.41/turn    y - ring of positive energy
MPRegen 0.17/turn

%: acrobat
@: about to teleport, snake-form, weakened, glowing
A: constrict, boosted hp, large, sense surroundings 2, otherworldly, glowing,
explore regen
a: Begin Untransformation, Renounce Religion, Draw Escape, Draw Destruction,
Draw Summoning, Triple Draw, Deal Four


You were on level 13 of the Dungeon.
You worshipped Nemelex Xobeh.
Nemelex Xobeh was greatly pleased with you.
You were an enormous serpent.
You visited 1 branch of the dungeon, and saw 13 of its levels.
You also visited: Ossuary.

You collected 728 gold pieces.

Inventory:

Armour
 e - a +0 ring mail (melded)
 o - a +0 pair of gloves (melded)
 x - a +0 buckler
 z - the +1 leather armour of Dice, Bag, and Bottle {Will+ Str+3}
   (You found it on level 6 of the Dungeon)

   Str+3:     It affects your strength (+3).
   Will+:     It increases your willpower.
 C - a +1 cloak (melded)
 D - a +0 troll leather armour
 G - +0 steam dragon scales
 M - a +0 pair of gloves
Jewellery
 f - an amulet of the acrobat (around neck)
 m - a +5 ring of evasion (left hand)
 y - a ring of positive energy (right hand)
 L - a ring of fire
Talismans
 c - a beast talisman
 d - a flux talisman
 J - the serpent talisman of the Devil's Team (active) {rF++ Int+4 Dex-3}
   (You found it on level 12 of the Dungeon)

   [serpent talisman]

   Int+4:     It affects your intelligence (+4).
   Dex-3:     It affects your dexterity (-3).
   rF++:      It greatly protects you from fire.
Wands
 g - a wand of roots (3)
 A - a wand of mindburst (8)
 B - a wand of acid (2)
 F - a wand of charming (9)
Scrolls
 a - a scroll of amnesia
 h - 3 scrolls of enchant armour
 j - a scroll of fog
 p - 3 scrolls of teleportation
 q - 2 scrolls of revelation
 s - a scroll of poison
 u - a scroll of vulnerability
 v - 2 scrolls of identify
 K - a scroll of immolation {unknown}
Potions
 b - 3 potions of lignification
 i - 2 potions of heal wounds
 k - 7 potions of curing
 l - 3 potions of brilliance
 n - 2 potions of enlightenment {unknown}
 r - 3 potions of might
 t - 5 potions of mutation
 w - 2 potions of attraction {unknown}
 E - 2 potions of haste {unknown}
 H - 2 potions of invisibility {unknown}
 I - a potion of magic {unknown}


   Skills:
 + Level 8.7 Fighting
 + Level 9.0 Dodging
 * Level 15.0 Unarmed Combat
 + Level 9.5 Invocations
 + Level 10.1 Shapeshifting


You had 12 spell levels left.
You didn't know any spells.
Your spell library contained the following spells:

 Spells                   Type           Power      Damage    Failure   Level
 Apportation              Tloc           0%         N/A       26%         1
 Kiss of Death            Conj/Necr      0%         2d5       26%         1
 Magic Dart               Conj           0%         1d3       26%         1
 Necrotise                Necr           0%         1d4       26%         1
 Summon Small Mammal      Summ           0%         N/A       26%         1
 Searing Ray              Conj           0%         2d4       36%         2
 Confusing Touch          Hex            0%         N/A       58%         3
 Dazzling Flash           Conj/Hex       0%         N/A       58%         3
 Ozocubu's Armour         Ice            0%         N/A       58%         3
 Dispel Undead            Necr           0%         3d6       94%         4
 Fulminant Prism          Conj/Hex       0%         3d5       94%         4
 Agony                    Necr           0%         N/A       100%        5
 Silence                  Hex/Air        0%         N/A       100%        5
 Ozocubu's Refrigeration  Ice            0%         4d7       100%        7


Dungeon Overview and Level Annotations

Branches:
Dungeon (13/15) Zot: 2607  Temple (0/1) D:4            Lair (0/5) D:10
    Orc (0/2) D:9         Ossuary (visited)
 Vaults: D:13-14

Altars:
Ashenzari
Elyvilon
Nemelex Xobeh
Okawaru
Wu Jian
Zin

Shops:
D:6 *


Innate Abilities, Weirdness & Mutations

You are an enormous serpent.
You have a powerful constriction melee attack.
Your maximum health is increased.
Your armour is entirely melded.
You are incapable of wielding weapons or throwing items.
You passively map the area around you.
You are easily found by Zot.
You glow in the dark.
You regain HP and MP as you explore.


Message History

You hit the sun demon but do no damage. You grab the sun demon.
You constrict the sun demon, but do no damage.
The sun demon hits you but does no damage.
Unknown command.
You hit the sun demon but do no damage.
You constrict the sun demon, but do no damage.
The sun demon hits you.
* * * LOW HITPOINT WARNING * * *
You are engulfed in flames.
You resist.
* * * LOW HITPOINT WARNING * * *
You feel your attacks grow feeble.
You lash the sun demon!
The sun demon is moderately wounded.
You constrict the sun demon, but do no damage.
You lash the sun demon!
The sun demon is heavily wounded.
You constrict the sun demon, but do no damage.
The sun demon hits you!
* * * LOW HITPOINT WARNING * * *
You are engulfed in flames.
You resist.
* * * LOW HITPOINT WARNING * * *
You feel as though you will be weak longer.
You lash the sun demon!
The sun demon is severely wounded.
You constrict the sun demon. The sun demon hits you!!
* * * LOW HITPOINT WARNING * * *
You are engulfed in flames.
You resist.
* * * LOW HITPOINT WARNING * * *
You feel as though you will be weak longer.
You release your grip on the sun demon.
The purple ugly thing is engulfed in blazing flames.
The sun demon attacks as it pursues you!
The sun demon completely misses you.
The purple ugly thing is engulfed in blazing flames.
The sun demon attacks as it pursues you!
The sun demon completely misses you.
As you read the scroll of teleportation, it crumbles to dust.
You feel strangely unstable. The sun demon hits you!!
You die...
Your body glows slightly brighter and disappears.

....... #.........# #. ,
#.....##.######### #. ,
#.....##.# #. , ,
####......# #. , ,
,......(...# #. ,
#####...#.#### #.
....<...)..(.# #. ,
.####...#.##.# #. , , *
#######.##S# ,# ##. ,
,,........##3##, #..
.##....X.6u.# * #.#
#..○##'##°.).# #.#
#.§##...##○.R# #.# ,
,#.##..3.3 #.○# * #.# ,
...#..###.. .○.. , ##.# ,
, .. #..#x#..#..○.. , #..#
***
,,#.6#x#..#.##...######.##


You could see a demonspawn black sun (black mark), a purple ugly thing, a sun
demon (black mark) and an efreet.

Vanquished Creatures
  A two-headed ogre (D:13)
  A centaur warrior (D:13)
  3 boulder beetles
  2 sun demons (D:13)
  2 large abominations (D:13)
  A manticore (D:12)
  3 cyclopes
  2 ugly things (D:12)
  A gargoyle (D:13)
  Maggie (D:8)
  3 trolls
  2 hornets
  A vampire (D:10)
  6 slime creatures (D:12)
  A wraith (D:11)
  3 wyverns
  12 yaks
  A shadow (D:11)
  A basilisk (D:10)
  2 acid dragons
  A water moccasin (D:7)
  5 orc warriors
  A sky beast (D:7)
  An ice beast (D:4)
  4 black bears
  An ogre (D:6)
  2 phantoms
  A centaur (D:9)
  A kobold brigand (D:6)
  2 bullfrogs
  A scorpion (D:5)
  14 wights
  4 killer bees (D:9)
  14 howler monkeys
  4 centaur zombies (Ossuary)
  4 hounds
  3 orc priests
  2 sleepcaps
  An iguana (D:7)
  Terence (D:2)
  8 orc wizards
  6 mummies (Ossuary)
  3 gnolls (D:5)
  6 adders
  A white imp (D:11)
  2 ufetubi (D:5)
  A worm (D:5)
  A dart slug (D:1)
  21 orcs
  4 bats
  An endoplasm (D:2)
  3 giant cockroaches
  4 goblins
  8 hobgoblins
  16 kobolds
  5 quokkas
  7 ball pythons
  3 frilled lizards
  3 hobgoblin zombies (Ossuary)
  2 rats
221 creatures vanquished.

Notes
Turn   | Place    | Note
-------+----------+-------------------------------------------
     0 | D:1      | lunkers the Meteoran Shapeshifter began the quest for the
                  | Orb.
     0 | D:1      | Reached XP level 1. HP: 16/16 MP: 2/2
    77 | D:1      | Reached XP level 2. HP: 23/23 MP: 3/3
   102 | D:1      | Reached skill level 4 in Unarmed Combat
   255 | D:1      | Found a faded altar of an unknown god.
   290 | D:1      | Prayed at the altar of an unknown god.
   290 | D:1      | Became a worshipper of Nemelex Xobeh the Trickster
   290 | D:1      | Reached * piety under Nemelex Xobeh
   296 | D:1      | Reached XP level 3. HP: 27/28 MP: 4/4
   554 | D:2      | Noticed Terence
   569 | D:2      | Killed Terence
   570 | D:2      | Reached skill level 5 in Unarmed Combat
   570 | D:2      | Reached XP level 4. HP: 35/35 MP: 5/5
   640 | D:2      | Received a gift from Nemelex Xobeh
   848 | D:2      | Reached XP level 5. HP: 40/40 MP: 6/6
  1101 | D:3      | Reached ** piety under Nemelex Xobeh
  1189 | D:3      | Reached skill level 6 in Unarmed Combat
  1288 | D:4      | Noticed an ice beast
  1295 | D:4      | Reached XP level 6. HP: 27/47 MP: 7/7
  1302 | D:4      | Killed an ice beast
  1303 | D:4      | Reached skill level 5 in Shapeshifting
  1323 | D:4      | Reached skill level 7 in Unarmed Combat
  1323 | D:4      | Reached XP level 7. HP: 30/52 MP: 8/8
  1343 | D:4      | Received a gift from Nemelex Xobeh
  1373 | D:4      | Found a broken altar of Ashenzari.
  1399 | D:4      | Found a staircase to the Ecumenical Temple.
  1509 | D:5      | Entered Level 5 of the Dungeon
  1720 | D:5      | Reached skill level 8 in Unarmed Combat
  1720 | D:5      | Reached XP level 8. HP: 22/62 MP: 9/9
  1824 | D:5      | Found a sparkling altar of Nemelex Xobeh.
  1911 | D:6      | Reached skill level 1 in Invocations
  2098 | D:6      | Found Zin's Purification Station.
  2100 | D:6      | Found a glowing silver altar of Zin.
  2108 | D:6      | Identified the +1 leather armour of Dice, Bag, and Bottle
                  | {Will+ Str+3}
  2161 | D:7      | Reached *** piety under Nemelex Xobeh
  2170 | D:7      | Reached skill level 9 in Unarmed Combat
  2183 | D:7      | Gained mutation: You passively map the area around you.
                  | [Meteoran growth]
  2183 | D:7      | Reached XP level 9. HP: 14/70 MP: 11/11
  2405 | D:7      | Reached skill level 10 in Unarmed Combat
  2416 | D:7      | Reached skill level 5 in Dodging
  2567 | D:7      | Reached XP level 10. HP: 80/80 MP: 14/14
  2852 | D:8      | Noticed Maggie
  2862 | D:8      | Killed Maggie
  2863 | D:8      | Reached skill level 5 in Fighting
  2863 | D:8      | Reached skill level 5 in Invocations
  2920 | D:8      | Received a gift from Nemelex Xobeh
  3033 | D:8      | Reached skill level 11 in Unarmed Combat
  3185 | D:8      | Found a sand-covered staircase.
  3190 | Ossuary  | Entered an ossuary
  3556 | D:9      | Found a white marble altar of Elyvilon.
  3838 | D:9      | Found an ornate altar of the Wu Jian Council.
  4035 | D:10     | Entered Level 10 of the Dungeon
  4035 | D:10     | Reached **** piety under Nemelex Xobeh
  4057 | D:10     | Reached skill level 12 in Unarmed Combat
  4057 | D:10     | Reached XP level 11. HP: 89/89 MP: 16/16
  4087 | D:10     | Found an iron altar of Okawaru.
  4114 | D:10     | Noticed a boulder beetle
  4151 | D:10     | Killed a boulder beetle
  4215 | D:10     | Found a staircase to the Lair.
  4521 | D:11     | Received a gift from Nemelex Xobeh
  4601 | D:11     | Reached skill level 13 in Unarmed Combat
  4667 | D:11     | Noticed a cyclops
  4675 | D:11     | Killed a cyclops
  4694 | D:11     | Noticed a boulder beetle
  4712 | D:11     | Killed a boulder beetle
  4868 | D:11     | Noticed a cyclops
  4881 | D:11     | Killed a cyclops
  4882 | D:11     | Reached XP level 12. HP: 100/100 MP: 17/19
  5071 | D:12     | Received a gift from Nemelex Xobeh
  5089 | D:12     | Identified the serpent talisman of the Devil's Team {rF++
                  | Int+4 Dex-3}
  5106 | D:12     | Noticed a boulder beetle
  5122 | D:12     | Killed a boulder beetle
  5123 | D:12     | Reached skill level 14 in Unarmed Combat
  5388 | D:13     | Noticed a two-headed ogre
  5393 | D:13     | Killed a two-headed ogre
  5468 | D:13     | Noticed a centaur warrior
  5479 | D:13     | Killed a centaur warrior
  5491 | D:13     | Noticed a large abomination
  5491 | D:13     | Noticed a sun demon
  5491 | D:13     | Noticed a sun demon
  5491 | D:13     | Noticed a demonspawn black sun
  5491 | D:13     | Noticed a large abomination
  5491 | D:13     | Noticed a sun demon
  5497 | D:13     | Killed a large abomination
  5502 | D:13     | Killed a sun demon
  5503 | D:13     | Reached skill level 10 in Shapeshifting
  5512 | D:13     | Killed a sun demon
  5513 | D:13     | Reached XP level 13. HP: 63/108 MP: 21/21
  5517 | D:13     | Reached skill level 15 in Unarmed Combat
  5524 | D:13     | Mangled by a sun demon

Illustrated notes

Levels and vault maps discovered:
D:1:      minmay_arrival_floating_metal, layout_rooms,
          chequers_ecumenical_altar_simple_redux, minmay_misc_feat_pillars
D:2:      layout_loops_ring, minmay_snake_closets, uniq_terence
D:3:      layout_basic
D:4:      layout_loops_ring, mainiacjoe_overflow_chevrons,
          minmay_temple_entry_statues_fountains, serial_shops,
          nicolae_take_the_stairs, kennysheep_dice
D:5:      corexii_shantytown, layout_loops_cross, mainiacjoe_overflow_24_doors
D:6:      layout_basic, zin_purify, old_standard_altar, roderic_roman_lattice,
          serial_park_tiny_1, nicolae_zig_zag_zippers
D:7:      layout_loops_ring
D:8:      layout_loops_corners, enter_ossuary_5, kennysheep_generic_room_15,
          uniq_maggie
D:9:      layout_rooms, nicolae_wu_jian_wuxing_cycle,
          mainiacjoe_overflow_tiny_flanked, hiddenorc1_lemuel
D:10:     layout_cave_pools, general_overflow_altar, david_lair_generic
D:11:     layout_small_grid, hellmonk_guarded_unrand_frostbite
D:12:     layout_roguey
D:13:     dreamdust_black_sun_cult, layout_loops_ring,
          lightli_vaults_fourway_checkpoint

Skill      XL: |  1  2  3  4  5  6  7  8  9 10 11 12 13 |
---------------+----------------------------------------+-----
Unarmed Combat | 4 5 6 7 8 9 10 12 13 14 15 | 15.0
Shapeshifting  | 4 5 6 7 8 9 10 | 10.1
Fighting       | 2 3 4 6 7 8 |  8.7
Dodging        | 3 4 5 6 7 9 |  9.0
Invocations    | 2 4 6 8 9 |  9.5

Action                     |  1- 3 |  4- 6 |  7- 9 | 10-12 | 13-15 || total
---------------------------+-------+-------+-------+-------+-------++-------
  Melee: Unarmed           |    68 |    79 |   229 |   516 |     7 ||   899
         Punch             |     3 |     3 |       |       |       ||     6
         Constrict         |       |       |       |     9 |     2 ||    11
 Invoke: Draw Destruction  |       |       |       |     3 |     2 ||     5
  Evoke: Wand              |       |       |       |     4 |       ||     4
    Use: Potion            |     1 |       |       |       |       ||     1
         Scroll            |       |       |       |    17 |     1 ||    18
 Armour: Animal skin       |     7 |       |       |       |       ||     7
         Ring mail         |    25 |    12 |       |       |       ||    37
         Skin              |     7 |     5 |    70 |   132 |     6 ||   220
  Dodge: Dodged            |    30 |    67 |   212 |   487 |     3 ||   799
   Form: Flux              |       |     1 |       |       |       ||     1
         Serpent           |       |       |       |     1 |       ||     1

Table legend: (Time is in decaauts)
 A = Elapsed time spent in this place.
 B = Non-inter-level travel time spent in this place.
 C = Inter-level travel time spent in this place.
 D = Time resting spent in this place.
 E = Time spent auto-exploring this place.
 F = Levels seen in this place.
 G = Mean time per level.
                   A        B        C        D        E       F      G
               +--------+--------+--------+--------+--------+-----+--------+
         Total |   5350 |   5288 |     62 |     52 |   3379 |  14 |  382.1 |
       Dungeon |   5191 |   5129 |     62 |     27 |   3345 |  13 |  399.3 |
       Ossuary |    158 |    158 |      0 |     25 |     34 |   1 |  158.0 |
               +--------+--------+--------+--------+--------+-----+--------+

Top non-repeatable levels by time:
     D:8: 776 daAuts
     D:2: 556 daAuts
     D:9: 475 daAuts
    D:11: 467 daAuts
    D:12: 446 daAuts
     D:7: 416 daAuts
     D:5: 367 daAuts
     D:1: 365 daAuts
    D:10: 347 daAuts
     D:3: 337 daAuts
     D:6: 246 daAuts
     D:4: 236 daAuts
 Ossuary: 158 daAuts
    D:13: 151 daAuts
